AoeStats
← L0TROttoSkyW

MegaRandom

509788479Analyzed
4v4 RM · 3d ago on Sep 28, 2026· 66m 51s· 8 players
Game mode
Random Map
Map size
Large (8 player)
Population
200
Speed
Normal
Resources
Standard
Victory
Conquest
Starting age
Dark Age
Ending age
Imperial Age
RankedLock teamsTeams togetherTeam positionsShared explorationLock speedFull tech treeHidden civsTurbo modeCheats
Victory
Defeat
🇫🇷 Danes · France
705
+14
🇺🇸 Vietnamese · United States
673
+15
🇺🇸 Varangians · United States
659
+16
🇺🇸 Vietnamese · United States
610
+18
🇺🇸 Persians · United States
722
-18
🇨🇱 Byzantines · Chile
682
-29
🇦🇷 Lithuanians · Argentina
668
-16
🇺🇸 Goths · United States
567
-12
L0TROttoSkyW
2:59 Loom
15:29 Feudal Age
18:42 Fishing Lines
19:31 Horse Collar
19:43 Double-Bit Axe
23:50 Wheelbarrow
26:12 Castle Age
26:07 Stone Mining
26:08 Gold Mining
26:34 Bloodlines
30:25 Light Cavalry
31:07 Husbandry
31:18 Scale Barding Armor
31:24 Forging
34:07 Iron Casting
33:53 Chain Barding Armor
35:38 Pikeman
38:18 Caravan
42:41 Gambesons
42:58 Squires
43:35 Scale Mail Armor
47:56 Imperial Age
45:42 Hand Cart
45:47 Heavy Plow
46:02 Bow Saw
46:32 Stone Shaft Mining
48:18 Halberdier
49:30 Chain Mail Armor
50:25 Conscription
51:54 Elite Varangian Guard
59:34 Plate Mail Armor
60:05 Blast Furnace
59:03 Arson
HumberV
9:23 Feudal Age
10:47 Wheelbarrow
10:52 Horse Collar
13:11 Double-Bit Axe
14:51 Gold Mining
15:47 Stone Mining
21:56 Castle Age
23:51 Hand Cart
23:56 Bow Saw
24:18 Coinage
23:49 Caravan
24:41 Heavy Plow
28:20 Padded Archer Armor
28:10 Fletching
33:30 Imperial Age
32:42 Stone Shaft Mining
34:26 Elite Battle Elephant
36:32 Paper Money
38:17 Forging
38:13 Scale Barding Armor
38:42 Banking
38:25 Guilds
39:10 Chatras
40:07 Leather Archer Armor
39:48 Bodkin Arrow
41:29 Elite Rattan Archer
44:23 Ring Archer Armor
43:54 Bracer
48:01 Two-Man Saw
52:09 Hoardings
DarkMatrix
0:37 Loom
11:19 Feudal Age
12:44 Double-Bit Axe
12:42 Horse Collar
13:35 Gold Mining
15:52 Wheelbarrow
19:10 Castle Age
20:20 Heavy Plow
20:32 Bow Saw
21:20 Squires
21:39 Forging
21:24 Stone Mining
22:21 Gold Shaft Mining
22:45 Fletching
24:11 Stone Shaft Mining
24:18 Iron Casting
23:38 Bodkin Arrow
24:28 Scale Mail Armor
26:53 Hand Cart
26:51 Town Watch
28:59 Chain Mail Armor
28:32 Arson
28:50 Caravan
29:00 Town Patrol
32:26 Imperial Age
37:25 Bracer
37:18 Elite Jomsviking
39:24 Elite Varangian Guard
40:28 Conscription
41:12 Blast Furnace
40:42 Plate Mail Armor
42:50 Gambesons
42:25 Pikeman
45:10 Siege Engineers
44:49 Northmen's Fury
44:52 Hamask
44:58 Northmen's Fury
45:41 Heavy Scorpion
45:43 Onager
45:56 Capped Ram
47:35 Coinage
47:05 Halberdier
47:54 Siege Ram
49:03 Padded Archer Armor
49:29 Ballistics
50:09 Chemistry
50:30 Leather Archer Armor
50:14 Murder Holes
50:30 Masonry
54:50 Ring Archer Armor
54:53 Banking
59:00 Hoardings
58:32 Devotion
60:24 Scale Barding Armor
60:23 Cranequins
60:25 Heavy Mounted Crossbowman
61:29 Bloodlines
61:21 Husbandry
61:28 Thumb Ring
62:24 Chain Barding Armor
61:50 Man-at-Arms
jla
1:01 Loom
12:22 Feudal Age
13:42 Wheelbarrow
12:56 Double-Bit Axe
13:03 Gold Mining
12:59 Horse Collar
14:08 Stone Mining
17:19 Forging
17:09 Scale Mail Armor
18:31 Scale Barding Armor
22:42 Castle Age
24:14 Stone Shaft Mining
23:47 Caravan
24:09 Hand Cart
24:11 Bow Saw
24:30 Heavy Plow
24:27 Arson
24:03 Pikeman
24:43 Squires
26:51 Iron Casting
26:31 Chain Mail Armor
29:13 Fletching
29:24 Padded Archer Armor
29:44 Chain Barding Armor
30:37 Bodkin Arrow
30:58 Leather Archer Armor
38:10 Imperial Age
37:59 Treadmill Crane
38:15 Murder Holes
38:31 Masonry
38:43 Ballistics
38:34 Fortified Wall
39:33 Plate Mail Armor
39:04 Bracer
39:34 Ring Archer Armor
39:40 Plate Barding Armor
40:08 Two-Man Saw
39:46 Crop Rotation
38:43 Elite Skirmisher
39:32 Thumb Ring
40:01 Paper Money
40:18 Arrowslits
40:39 Siege Engineers
41:29 Town Watch
41:33 Elite Rattan Archer
42:49 Hoardings
42:15 Chatras
42:56 Hoardings
41:47 Halberdier
41:52 Imperial Skirmisher
43:39 Town Patrol
44:43 Chemistry
44:22 Elite Battle Elephant
K1NGlogman
9:30 Feudal Age
12:28 Horse Collar
21:15 Castle Age
21:32 Double-Bit Axe
24:46 Bow Saw
24:28 Loom
25:54 Scale Mail Armor
26:00 Scale Barding Armor
32:10 Wheelbarrow
31:55 Chain Mail Armor
32:01 Heavy Plow
34:04 Anarchy
34:21 Forging
34:32 Chain Barding Armor
33:34 Pikeman
34:15 Squires
40:26 Imperial Age
39:21 Hand Cart
39:25 Light Cavalry
40:16 Bloodlines
40:07 Husbandry
42:08 Gold Mining
42:09 Stone Mining
42:05 Elite Huskarl
42:57 Perfusion
43:32 Conscription
46:29 Halberdier
49:14 Iron Casting
53:00 Blast Furnace
RadCargo6254
0:56 Loom
12:06 Feudal Age
12:52 Gold Mining
12:53 Stone Mining
12:51 Double-Bit Axe
16:11 Wheelbarrow
15:23 Town Watch
18:06 Horse Collar
19:04 Fishing Lines
20:37 Forging
20:33 Scale Barding Armor
20:20 Fletching
24:16 Castle Age
25:01 Bloodlines
24:52 Husbandry
24:13 Light Cavalry
26:35 Stone Shaft Mining
26:18 Gillnets
26:59 Murder Holes
27:26 Ballistics
27:45 Bow Saw
28:43 Gold Shaft Mining
32:27 Caravan
40:53 Hand Cart
43:23 Iron Casting
42:43 Bodkin Arrow
43:09 Chain Barding Armor
46:25 Imperial Age
45:02 Masonry
44:55 Devotion
45:54 Town Patrol
47:07 Cavalier
Luciano24cm
OtraNocheEnMiami
1:18 Loom
10:41 Feudal Age
12:14 Wheelbarrow
12:07 Double-Bit Axe
12:14 Gold Mining
12:20 Stone Mining
22:21 Castle Age
20:46 Horse Collar
21:01 Gold Mining
23:47 Bow Saw
25:05 Hand Cart
25:01 Heavy Plow
27:19 Caravan
37:40 Imperial Age
36:33 Scale Mail Armor
36:39 Scale Barding Armor
36:45 Forging
38:42 Elite Skirmisher
39:43 Chain Mail Armor
39:48 Chain Barding Armor
43:11 Husbandry
43:54 Iron Casting
44:16 Guilds
45:58 Two-Man Saw
45:36 Gold Shaft Mining
45:42 Stone Shaft Mining
49:09 Chain Barding Armor
49:19 Plate Mail Armor
48:50 Padded Archer Armor
48:40 Fletching
48:34 Treadmill Crane
49:15 Ballistics
49:55 Chemistry
49:06 Fortified Wall
48:51 Murder Holes
Connection lost

Rejoining the realm…

Still unreachable

The connection could not be restored.

Session expired

The server has moved on; the page needs a fresh start.